[Event "Titled Tuesday Blitz February 14 Early 2023"]
[White "Khandelwal, Ankush"]
[Black "Aggelis, Nikolaos"]
[WhiteFideId "413470"]
[BlackFideId "4213220"]
[WhiteElo "2205"]
[BlackElo "2270"]
[Result "1-0"]
[Round "03"]
[TimeControl "180+2"]
[Date "2023.02.15"]
[WhiteClock "0:00:22"]
[BlackClock "0:00:47"]

1. d4 Nf6 2. Nc3 d5 3. Bf4 g6 4. Qd2 Bg7 5. Bh6 Kf8 6. h4 Ng4 7. Bxg7+ Kxg7 8. h5 c6 9. f3 Nf6 10. g4 Nbd7 11. O-O-O b5 12. Kb1 b4 13. Na4 Nb6 14. Nc5 a5 15. h6+ Kg8 16. g5 Nfd7 17. e4 e6 18. Qf4 Nxc5 19. Qe5 f6 20. gxf6 Kf7 21. dxc5 Nd7 22. Qd6 Qe8 23. Nh3 Nxf6 24. Ng5+ Kg8 25. exd5 Nxd5 26. Qe5 Ra7 27. Bc4 Qe7 28. Bxd5 exd5 29. Qf4 Qc7 30. Qd4 Bf5 31. Rhe1 Ra8 32. Qf6 Rf8 33. Qe7 Qxe7 34. Rxe7 Rc8 35. Rde1 a4 36. Re8+ 1-0


[Site "https://www.chess.com"]

[Event "Titled Tuesday Blitz February 14 Early 2023"]
[White "Cunha, Lucas Aguiar"]
[Black "Bychkov, Vladimir"]
[WhiteFideId "2125404"]
[BlackFideId "24151513"]
[WhiteElo "2309"]
[BlackElo "2225"]
[Result "0-1"]
[Round "03"]
[TimeControl "180+2"]
[Date "2023.02.15"]
[WhiteClock "0:00:05"]
[BlackClock "0:00:07"]

1. e4 c6 2. d4 d5 3. e5 Bf5 4. Nf3 e6 5. Be2 Nd7 6. O-O Ne7 7. Nbd2 h6 8. Nb3 a6 9. a4 Bh7 10. a5 Nf5 11. Bd2 c5 12. c4 dxc4 13. Bxc4 cxd4 14. Re1 Rc8 15. Rc1 Be7 16. Nfxd4 Nxd4 17. Nxd4 O-O 18. b3 Nc5 19. Be3 Qxa5 20. Qg4 Kh8 21. Rcd1 b5 22. Bf1 Qb4 23. Qf3 Nxb3 24. Nc6 Qa3 25. Bc1 Nxc1 26. Nxe7 Qxe7 27. Rxc1 Qa7 28. Ra1 Qb6 29. Qa3 Ra8 30. Red1 b4 31. Qb3 a5 32. Rd6 Qc5 33. Qb2 a4 34. Rc1 a3 35. Qa1 Qxc1 36. Qxc1 b3 37. Rb6 Rfb8 38. Qxa3 Rxa3 39. Rxb8+ Bg8 40. g3 g5 41. Bc4 Kg7 42. Bxb3 Ra5 43. f4 Bh7 44. Kf2 Be4 45. Ke3 Bf5 46. Rb7 gxf4+ 47. Kxf4 Ra1 48. Bc4 Rc1 49. Be2 Re1 50. Rb2 Rh1 51. g4 Bg6 52. Bf3 Rf1 53. Kg3 Re1 54. Kf4 Rc1 55. h4 Rc4+ 56. Kg3 h5 57. gxh5 Bf5 58. Rb3 Kh6 59. Re3 Rc5 60. Be2 Bh7 61. Kf4 Bf5 62. Bf1 Ra5 63. Be2 Ra4+ 64. Kg3 Rd4 65. Rc3 Re4 66. Bf3 Rxe5 67. Rc7 Kg7 68. Kf4 Ra5 69. h6+ Kf6 70. Rc8 Ra4+ 71. Kg3 Ra3 72. Kf2 Ke5 73. Rg8 Kf4 74. Be2 Ra2 75. Ke1 Ke3 76. Rg3+ Kf4 77. Rb3 Ke5 78. Rf3 Be4 79. Re3 Kf4 80. Rc3 Ra1+ 81. Kf2 Rh1 82. Bf1 Rh2+ 83. Kg1 Rxh4 84. Rh3 Rxh3 85. Bxh3 Kg5 86. Kf2 Kxh6 87. Ke3 Bd5 88. Kf4 Kg7 89. Ke5 f6+ 90. Kd6 Kf7 91. Bg4 Ba2 92. Bh3 e5 93. Bf5 Bb3 94. Kc5 Be6 95. Kd6 Bxf5 0-1


[Site "https://www.chess.com"]

[Event "Titled Tuesday Blitz February 14 Early 2023"]
[White "Iskusnyh, Sergei"]
[Black "Goncalves, Davi Sulzbacher"]
[WhiteFideId "4120027"]
[BlackFideId "2154510"]
[WhiteElo "2440"]
[BlackElo "2282"]
[Result "1-0"]
[Round "03"]
[TimeControl "180+2"]
[Date "2023.02.15"]
[WhiteClock "0:00:06"]
[BlackClock "0:00:15"]

1. d4 Nf6 2. c4 g6 3. g3 c6 4. Bg2 d5 5. e3 Bg7 6. Ne2 O-O 7. O-O Bf5 8. b3 Be4 9. f3 Bf5 10. Nbc3 c5 11. Nxd5 Nxd5 12. cxd5 cxd4 13. Nxd4 Qxd5 14. Bb2 Nc6 15. Nxc6 Qxc6 16. Bxg7 Kxg7 17. Qd4+ Qf6 18. Rfd1 Rfd8 19. Qxf6+ Kxf6 20. e4 Be6 21. Rac1 Rxd1+ 22. Rxd1 Rc8 23. Rd2 b5 24. f4 Rc1+ 25. Kf2 b4 26. e5+ Kg7 27. Ke3 a5 28. Be4 Re1+ 29. Kf3 Ra1 30. Bc6 h5 31. Ke3 Rc1 32. Bb5 Rc5 33. Bd7 Bg4 34. Bxg4 hxg4 35. Kd4 Rc3 36. Kd5 e6+ 37. Kd6 a4 38. bxa4 Kf8 39. Rb2 Ra3 40. Kc5 Rxa4 41. Kb5 Ra8 42. Kxb4 Ke7 43. a4 Kd7 44. Ka3 Kc6 45. Rc2+ Kb6 46. Kb4 Rb8 47. a5+ Ka6+ 48. Ka4 Rd8 49. Rc6+ Kb7 50. Rd6 Rc8 51. a6+ Ka7 52. Kb5 Rc1 53. Rd7+ Ka8 54. Rxf7 Rb1+ 55. Kc5 Ra1 56. Kb6 Rb1+ 57. Kc6 Ra1 58. Kd6 Rxa6+ 59. Ke7 Kb8 60. Kf6 Ra2 61. Rh7 Rxh2 62. Rxh2 Kc7 63. Rd2 Kc6 64. Kxe6 Kc5 65. Kf6 1-0


[Site "https://www.chess.com"]

[Event "Titled Tuesday Blitz February 14 Early 2023"]
[White "Panesso Rivera, Henry"]
[Black "Fernandez Garcia, Gumersindo"]
[WhiteFideId "4402707"]
[BlackFideId "24516740"]
[WhiteElo "2342"]
[BlackElo "2160"]
[Result "1-0"]
[Round "03"]
[TimeControl "180+2"]
[Date "2023.02.15"]
[WhiteClock "0:01:29"]
[BlackClock "0:00:03"]

1. Nf3 Nf6 2. b3 g6 3. Bb2 Bg7 4. g3 d6 5. d4 O-O 6. Bg2 c6 7. O-O Nbd7 8. Re1 Re8 9. e4 e5 10. dxe5 dxe5 11. a4 Qc7 12. Nbd2 a5 13. Nc4 b6 14. Qd6 Ra7 15. Qxc7 Rxc7 16. Rad1 Ba6 17. Nfxe5 b5 18. Nxd7 Rxd7 19. Nd6 bxa4 20. Nxe8 Rxd1 21. Rxd1 Nxe8 22. Ba3 Bf6 23. e5 Bxe5 24. Rd8 axb3 25. Rxe8+ Kg7 26. cxb3 1-0


[Site "https://www.chess.com"]

[Event "Titled Tuesday Blitz February 14 Early 2023"]
[White "Mohamed Anees M"]
[Black "Tymrakiewicz, Rafal"]
[WhiteFideId "35065815"]
[BlackFideId "1108832"]
[WhiteElo "2315"]
[BlackElo "2144"]
[Result "0-1"]
[Round "03"]
[TimeControl "180+2"]
[Date "2023.02.15"]
[WhiteClock "0:00:06"]
[BlackClock "0:00:09"]

1. c4 e5 2. Nc3 c6 3. Nf3 d6 4. g3 g6 5. Bg2 Bg7 6. d4 Nd7 7. O-O Ne7 8. b3 f5 9. d5 cxd5 10. cxd5 Nf6 11. e4 O-O 12. exf5 gxf5 13. Be3 h6 14. h3 f4 15. gxf4 exf4 16. Bd4 Nf5 17. Rc1 Nxd4 18. Nxd4 Qe8 19. Re1 Qg6 20. Qf3 Ng4 21. Ne6 Ne5 22. Qe4 Bxe6 23. dxe6 Qxe6 24. Qxb7 Kh8 25. Qd5 Qg6 26. f3 Bf6 27. Ne4 Bh4 28. Rf1 Rg8 29. Rc2 Rad8 30. Re2 Be7 31. Qd2 Qf5 32. Qd4 Bf6 33. Nxd6 Qd7 34. Rxe5 Qxd6 35. Qxd6 Rxd6 36. Re4 Rd2 37. Rf2 Bd4 38. Rxd4 Rxd4 39. Re2 Rgd8 40. Re7 Rd1+ 41. Kh2 R1d2 42. Rxa7 Rg8 0-1


[Site "https://www.chess.com"]

[Event "Titled Tuesday Blitz February 14 Early 2023"]
[White "Guliev, Logman"]
[Black "Carnicelli, Valerio"]
[WhiteFideId "13400061"]
[BlackFideId "856185"]
[WhiteElo "2250"]
[BlackElo "2370"]
[Result "0-1"]
[Round "03"]
[TimeControl "180+2"]
[Date "2023.02.15"]
[WhiteClock "0:00:04"]
[BlackClock "0:00:09"]

1. e4 c5 2. Nf3 d6 3. d4 cxd4 4. Nxd4 Nf6 5. Nc3 Nc6 6. Bg5 e6 7. Qd2 a6 8. O-O-O Be7 9. f4 Bd7 10. Nf3 h6 11. Bxf6 gxf6 12. Kb1 b5 13. g3 Rc8 14. Bd3 Qa5 15. Rhe1 b4 16. Ne2 Qb6 17. f5 e5 18. Bc4 Na5 19. Bd5 Nc4 20. Qd3 Bb5 21. Qb3 a5 22. Nc1 Qa7 23. Nd2 Nb6 24. Bxf7+ Kf8 25. Bh5 Nc4 26. Nxc4 Bxc4 27. Qe3 Qxe3 28. Rxe3 Rc6 29. Nd3 Bd8 30. Rf3 Bb6 31. b3 Bb5 32. Nb2 Bd4 33. Re1 Ke7 34. Nd3 Rhc8 35. Rc1 Bc3 36. Rff1 a4 37. Be2 axb3 38. cxb3 Ba6 39. Rc2 Rb6 40. Rfc1 Rcb8 41. Rd1 Bb5 42. Nc1 Bd7 43. Bc4 Ra8 44. Ne2 Rb7 45. Bd5 Rba7 46. Bxa8 Rxa8 47. Nxc3 bxc3 48. Rxc3 Bb5 49. Rc2 Ra7 50. Rdd2 h5 51. Rc3 Kd7 52. Kb2 Ra8 53. a4 Ba6 54. Rd5 Bb7 55. Ka3 Bxd5 56. exd5 Ra5 57. Rd3 e4 58. Rd4 e3 59. b4 Ra8 60. Re4 Re8 61. Rc4 e2 62. Rc1 e1=Q 63. Rxe1 Rxe1 64. Kb3 Kc7 0-1


[Site "https://www.chess.com"]

[Event "Titled Tuesday Blitz February 14 Early 2023"]
[White "Vlassov, Nikolai"]
[Black "Martic, Ivan"]
[WhiteFideId "4103360"]
[BlackFideId "929301"]
[WhiteElo "2283"]
[BlackElo "2301"]
[Result "1-0"]
[Round "03"]
[TimeControl "180+2"]
[Date "2023.02.15"]
[WhiteClock "0:00:08"]
[BlackClock "0:00:16"]

1. e4 d6 2. f4 g6 3. Nc3 Bg7 4. Nf3 c5 5. h3 Nc6 6. g4 a6 7. d3 b5 8. Bg2 Bb7 9. O-O Nf6 10. f5 Nd7 11. Qe1 Nd4 12. Rf2 O-O 13. Nd1 Rc8 14. Nh2 b4 15. Be3 a5 16. c3 bxc3 17. bxc3 Nc6 18. Rb1 Ba6 19. Bf1 Rb8 20. Rfb2 Rxb2 21. Rxb2 Qc7 22. Qd2 Rb8 23. d4 Bxf1 24. Nxf1 cxd4 25. cxd4 Rxb2 26. Nxb2 Nb4 27. Nd3 Nc2 28. fxg6 hxg6 29. Nf4 Nxe3 30. Nxe3 e6 31. Kg2 Bh6 32. Kf3 Qb7 33. Qxa5 Qb1 34. Qd8+ Nf8 35. g5 Qh1+ 36. Ke2 Qh2+ 37. Neg2 Bg7 38. Qxd6 Qg3 39. a4 Qxg5 40. a5 Qxa5 41. Qc5 Qa2+ 42. Kf3 Qb3+ 43. Ne3 Qb2 44. Ne2 Qa1 45. Ng4 Qh1+ 46. Kg3 Qe1+ 47. Kf3 Qf1+ 48. Nf2 Qa1 49. Ng3 Qb2 50. Ne2 Qd2 51. e5 Bh6 52. Ng4 Qd3+ 53. Kf2 Qxh3 54. Nf6+ Kh8 55. Qe7 Qf5+ 56. Ke1 Qb1+ 57. Kf2 Qf5+ 58. Ke1 Be3 59. Qxf7 Qb1+ 60. Nc1 Qxc1+ 61. Ke2 Qd2+ 62. Kf3 Qf2+ 63. Ke4 Qf4+ 64. Kd3 Qf5+ 65. Ke2 Qf2+ 66. Kd3 Qf5+ 67. Kxe3 Qg5+ 68. Kd3 Qf5+ 69. Kc3 Qf3+ 70. Kb4 Qb7+ 71. Qxb7 1-0


[Site "https://www.chess.com"]

[Event "Titled Tuesday Blitz February 14 Early 2023"]
[White "Souleidis, Georgios"]
[Black "Hajiyev, Kanan"]
[WhiteFideId "4206827"]
[BlackFideId "13404148"]
[WhiteElo "2419"]
[BlackElo "2197"]
[Result "0-1"]
[Round "03"]
[TimeControl "180+2"]
[Date "2023.02.15"]
[WhiteClock "0:00:04"]
[BlackClock "0:00:08"]

1. e4 c6 2. d3 d5 3. Nf3 Bg4 4. h3 Bh5 5. Nc3 e6 6. Qe2 Nf6 7. g4 Bg6 8. Bg2 Bb4 9. exd5 cxd5 10. Bd2 Nc6 11. a3 Bd6 12. Nh4 Nd4 13. Qd1 O-O 14. O-O Rc8 15. Be3 Nc6 16. Ne2 Nxg4 17. Nxg6 Nxe3 18. fxe3 fxg6 19. Rxf8+ Qxf8 20. Qe1 Qf5 21. Qd2 Rf8 22. Rf1 Qg5 23. Rxf8+ Kxf8 24. c3 Ne5 25. Kf2 h5 26. Nf4 Kf7 27. Qe2 Qf5 28. Ke1 h4 29. Kd2 Nc6 0-1


[Site "https://www.chess.com"]

[Event "Titled Tuesday Blitz February 14 Early 2023"]
[White "Koellner, Ruben Gideon"]
[Black "Fernandez, Michael"]
[WhiteFideId "12993093"]
[BlackFideId "5803560"]
[WhiteElo "2426"]
[BlackElo "2181"]
[Result "1-0"]
[Round "03"]
[TimeControl "180+2"]
[Date "2023.02.15"]
[WhiteClock "0:00:56"]
[BlackClock "0:00:04"]

1. d4 d5 2. Nf3 Nf6 3. e3 c5 4. c3 Nc6 5. Nbd2 Bg4 6. dxc5 e5 7. b4 e4 8. h3 Bh5 9. g4 Nxg4 10. hxg4 Bxg4 11. Qa4 Bxf3 12. Nxf3 exf3 13. Bb2 a6 14. O-O-O Qc7 15. Rxd5 Rd8 16. c4 Be7 17. Bxg7 Rg8 18. Rxh7 Bf8 19. Be5 Qe7 20. Bd6 Qf6 21. Re5+ Kd7 22. Bh3+ 1-0


[Site "https://www.chess.com"]

[Event "Titled Tuesday Blitz February 14 Early 2023"]
[White "Buchenau, Frank"]
[Black "Domingo Nunez, Ruben"]
[WhiteFideId "4604350"]
[BlackFideId "22245570"]
[WhiteElo "2222"]
[BlackElo "2416"]
[Result "0-1"]
[Round "03"]
[TimeControl "180+2"]
[Date "2023.02.15"]
[WhiteClock "0:00:11"]
[BlackClock "0:00:11"]

1. e4 Nf6 2. e5 Nd5 3. d4 d6 4. Nf3 c6 5. c4 Nb6 6. exd6 exd6 7. Be2 Be7 8. O-O O-O 9. h3 Bf5 10. Bd3 Qd7 11. Re1 Bf6 12. Nc3 Na6 13. Ne4 Be7 14. Ng3 Bxd3 15. Qxd3 Rfe8 16. b3 Nc7 17. Bg5 Bf8 18. Nf5 Ne6 19. Be3 Nc7 20. a4 Nc8 21. b4 Ne7 22. Ng3 g6 23. b5 Bg7 24. Rab1 Ne6 25. Rb3 cxb5 26. axb5 Qc7 27. Reb1 Rac8 28. Nd2 b6 29. Ra3 Qd7 30. Rba1 Rc7 31. R1a2 d5 32. c5 bxc5 33. dxc5 d4 34. c6 Qd5 35. Rxa7 Rxa7 36. Rxa7 dxe3 37. Qxd5 exf2+ 38. Kxf2 Nxd5 39. Nc4 Bd4+ 40. Kf3 Bxa7 41. Ne4 Nd4+ 42. Kg3 Rxe4 43. Nd6 Bb8 0-1


[Site "https://www.chess.com"]

[Event "Titled Tuesday Blitz February 14 Early 2023"]
[White "Colbow, Collin"]
[Black "Dobrikov, Marco"]
[WhiteFideId "16201132"]
[BlackFideId "12950378"]
[WhiteElo "2408"]
[BlackElo "2269"]
[Result "1/2-1/2"]
[Round "03"]
[TimeControl "180+2"]
[Date "2023.02.15"]
[WhiteClock "0:00:05"]
[BlackClock "0:00:20"]

1. d4 g6 2. Nf3 Bg7 3. Bf4 d6 4. h4 h6 5. e4 Nd7 6. Nc3 a6 7. a4 c5 8. dxc5 Nxc5 9. e5 Qa5 10. Bd2 Qd8 11. Bf4 Qa5 12. exd6 Ne4 13. Bd2 Nxc3 14. bxc3 exd6 15. Bd3 Ne7 16. Qe2 Bxc3 17. O-O Be6 18. Rab1 Bxd2 19. Nxd2 Qc7 20. Ne4 d5 21. Nf6+ Kf8 22. f4 Kg7 23. Kh1 Kxf6 24. Rxb7 Qc3 25. Rb3 Qc7 26. Rb7 Qd6 27. Rb6 Qc7 28. Rb7 1/2-1/2


[Site "https://www.chess.com"]

[Event "Titled Tuesday Blitz February 14 Early 2023"]
[White "Horobetz, Graham"]
[Black "Mirzanurov, Bulat"]
[WhiteFideId "2047322"]
[BlackFideId "4184521"]
[WhiteElo "2140"]
[BlackElo "2232"]
[Result "1-0"]
[Round "03"]
[TimeControl "180+2"]
[Date "2023.02.15"]
[WhiteClock "0:00:18"]
[BlackClock "0:00:12"]

1. e4 c5 2. Nf3 d6 3. d4 cxd4 4. Nxd4 Nf6 5. Nc3 a6 6. Be3 e5 7. Nb3 Be7 8. f3 Be6 9. Qd2 O-O 10. O-O-O Nbd7 11. Kb1 b5 12. Nd5 Bxd5 13. exd5 Nb6 14. Bxb6 Qxb6 15. Na5 Rac8 16. Nc6 Nxd5 17. Nxe7+ Nxe7 18. f4 Rfd8 19. Bd3 Ng6 20. g3 d5 21. Bxg6 hxg6 22. fxe5 Qe6 23. Rhe1 d4 24. Re4 Qf5 25. Qe2 Rc5 26. a3 Rcd5 27. Rd3 Re8 28. g4 Qg5 29. e6 fxe6 30. Rxe6 Rf8 31. Qe4 Rd7 32. Rxg6 Rf1+ 33. Ka2 Qd8 34. Rxa6 Re7 35. Ra8 Rxe4 36. Rxd8+ Kh7 37. R8xd4 Rff4 38. Rxe4 Rxe4 39. h3 Rc4 40. c3 Kg6 41. Rd6+ Kg5 42. Rd5+ Kh4 43. Rxb5 Kxh3 44. g5 Kg4 45. Kb3 Rc7 46. a4 Kh5 47. a5 Kg6 48. Ka4 Ra7 49. c4 Kf7 50. b4 Kg6 51. Rc5 Kh5 52. b5 Kg6 53. b6 Ra6 54. Kb5 Ra8 55. b7 Rb8 56. a6 Rf8 57. a7 Re8 1-0


[Site "https://www.chess.com"]

[Event "Titled Tuesday Blitz February 14 Early 2023"]
[White "Babikov, Ivan"]
[Black "Florescu, Codrut-Constantin"]
[WhiteFideId "4161106"]
[BlackFideId "1202200"]
[WhiteElo "2239"]
[BlackElo "2259"]
[Result "0-1"]
[Round "03"]
[TimeControl "180+2"]
[Date "2023.02.15"]
[WhiteClock "0:00:01"]
[BlackClock "0:00:33"]

1. Nf3 d5 2. g3 Nf6 3. Bg2 e6 4. O-O Be7 5. d4 O-O 6. c4 c6 7. Nc3 Nbd7 8. b3 b6 9. Bb2 Ba6 10. Nd2 b5 11. cxb5 cxb5 12. e4 b4 13. Ne2 Nxe4 14. Nxe4 dxe4 15. Bxe4 Rc8 16. Bd3 Bb7 17. Nf4 Nf6 18. Qe2 Qb6 19. Rac1 Rfd8 20. Nh5 Nxh5 21. Qxh5 g6 22. Qe2 Qa5 23. Be4 Bxe4 24. Qxe4 Qxa2 25. Rb1 Qxb3 26. Qb7 Bf8 27. Qxa7 Qd5 28. Rfd1 Rc2 29. Rdc1 Rdc8 30. Rxc2 Rxc2 31. Qa4 Qe4 32. Ba1 Rxf2 33. Kxf2 Qxb1 34. d5 Qf5+ 35. Kg1 Bc5+ 36. Kg2 Qxd5+ 37. Kh3 Qf5+ 38. Kg2 f6 39. Qe8+ Kg7 40. Qd7+ Kh6 41. Qd2+ g5 42. Qd8 Qd5+ 43. Qxd5 exd5 44. Bxf6 d4 45. Kf2 b3 46. h4 b2 47. Bxg5+ Kg6 0-1


[Site "https://www.chess.com"]

[Event "Titled Tuesday Blitz February 14 Early 2023"]
[White "Martynov, Pavel"]
[Black "Delorme, Axel"]
[WhiteFideId "4101260"]
[BlackFideId "632023"]
[WhiteElo "2414"]
[BlackElo "2483"]
[Result "1-0"]
[Round "03"]
[TimeControl "180+2"]
[Date "2023.02.15"]
[WhiteClock "0:00:06"]
[BlackClock "0:00:01"]

1. e4 c5 2. Nf3 d6 3. Bb5+ Nd7 4. O-O a6 5. Bxd7+ Bxd7 6. c3 Nf6 7. Re1 Bc6 8. d4 Bxe4 9. Bg5 Bd5 10. c4 Bxf3 11. Qxf3 cxd4 12. Bxf6 gxf6 13. Qxf6 Rg8 14. Qxd4 Bg7 15. Qd2 Qd7 16. Nc3 Qg4 17. Nd5 Bc3 18. Rxe7+ Kd8 19. Re8+ Kxe8 20. Qe3+ Kf8 21. Qh6+ Rg7 22. Qxd6+ Kg8 23. Ne3 Qg6 24. Qxg6 Rxg6 25. bxc3 Rd8 26. Rb1 Rgd6 27. g3 R6d7 28. Rb6 Kg7 29. Kg2 Rc8 30. a4 Rc6 31. Rb2 Rcc7 32. h4 Rd3 33. Rb3 h5 34. Kf3 Rxc4 35. Rxb7 Rcxc3 36. Rb6 a5 37. Rb5 Rb3 38. Rxa5 Rdc3 39. Rxh5 Ra3 40. Rg5+ Kf8 41. a5 Rc1 42. h5 Rca1 43. h6 Rxa5 44. h7 Rxg5 45. h8=Q+ 1-0


[Site "https://www.chess.com"]

[Event "Titled Tuesday Blitz February 14 Early 2023"]
[White "Chernov, Mikhail"]
[Black "Manukyan, Sargis A."]
[WhiteFideId "24143170"]
[BlackFideId "13303970"]
[WhiteElo "2205"]
[BlackElo "2158"]
[Result "0-1"]
[Round "03"]
[TimeControl "180+2"]
[Date "2023.02.15"]
[WhiteClock "0:00:04"]
[BlackClock "0:00:14"]

1. e4 c5 2. Nf3 d6 3. d4 cxd4 4. Nxd4 Nf6 5. Nc3 g6 6. Be3 Bg7 7. f3 O-O 8. Qd2 Nc6 9. g4 Nxd4 10. Bxd4 Be6 11. h4 Qa5 12. h5 Rfc8 13. O-O-O Rab8 14. Kb1 b5 15. hxg6 hxg6 16. b3 b4 17. Nd5 Bxd5 18. exd5 Qxd5 19. Bc4 Rxc4 20. bxc4 Qxc4 21. Bb2 a5 22. g5 Nh5 23. Bxg7 Kxg7 24. Rhe1 Kf8 25. Re4 Qc5 26. Rde1 Rb7 27. f4 a4 28. Qd4 Qxd4 29. Rxd4 Ng3 30. Rc4 Nf5 31. Ree4 b3 32. cxb3 axb3 33. a4 Kg7 34. Rb4 Rd7 35. a5 d5 36. Re5 d4 37. a6 d3 38. Rb7 Rd6 39. Kc1 Rxa6 40. Kd2 Ra4 41. Kxd3 Rxf4 42. Rxb3 Rg4 43. Rb7 Rxg5 44. Ra5 Rg3+ 45. Ke2 Re3+ 46. Kf2 Re6 47. Ra8 Rf6 48. Rb5 Nd6+ 0-1


[Site "https://www.chess.com"]

[Event "Titled Tuesday Blitz February 14 Early 2023"]
[White "Wahedi, Ahmad Siar"]
[Black "Danielyan, Vahe"]
[WhiteFideId "4651260"]
[BlackFideId "13304828"]
[WhiteElo "2274"]
[BlackElo "2346"]
[Result "0-1"]
[Round "03"]
[TimeControl "180+2"]
[Date "2023.02.15"]
[WhiteClock "0:00:10"]
[BlackClock "0:00:29"]

1. e4 c5 2. Nf3 d6 3. d4 cxd4 4. Nxd4 Nf6 5. Nc3 a6 6. Be3 e5 7. Nb3 Be7 8. f3 O-O 9. Qd2 Nc6 10. O-O-O Be6 11. Kb1 b5 12. g4 b4 13. Na4 Rb8 14. g5 Nd7 15. h4 Na5 16. f4 exf4 17. Bxf4 Nxb3 18. axb3 Ne5 19. Be2 Qa5 20. h5 Rfc8 21. g6 hxg6 22. h6 Bf6 23. Bg5 Rxc2 24. Qxc2 Bxg5 25. hxg7 Kxg7 26. Rxd6 Rc8 27. Bc4 Nxc4 28. bxc4 Qe5 29. Rdd1 Rxc4 30. Qd3 Rxe4 31. Qxa6 Re2 32. Qa8 Qe4+ 33. Qxe4 Rxe4 34. Nc5 Bf5 35. Nxe4 Bxe4+ 36. Ka2 Bxh1 37. Rxh1 f5 38. Kb3 Bd2 39. Rd1 Be3 40. Kxb4 g5 41. Kc4 Kf6 42. Kd3 Bb6 43. b4 g4 44. b5 Kg5 45. Kc4 g3 46. Kd5 g2 47. Kc6 g1=Q 48. Rxg1+ Bxg1 0-1


[Site "https://www.chess.com"]

[Event "Titled Tuesday Blitz February 14 Early 2023"]
[White "Tan, Jun Ying"]
[Black "Gurevich, Dmitry"]
[WhiteFideId "5710413"]
[BlackFideId "2000407"]
[WhiteElo "2307"]
[BlackElo "2393"]
[Result "1-0"]
[Round "03"]
[TimeControl "180+2"]
[Date "2023.02.15"]
[WhiteClock "0:00:17"]
[BlackClock "0:00:08"]

1. d4 Nf6 2. c4 a6 3. Nc3 c5 4. e3 e6 5. Nf3 d5 6. a3 Nc6 7. Be2 dxc4 8. Bxc4 b5 9. Ba2 Bb7 10. O-O Be7 11. dxc5 Bxc5 12. b4 Bb6 13. Bb2 O-O 14. Qe2 Qe7 15. Rac1 Rad8 16. Bb1 e5 17. Ne4 Nd7 18. Rfd1 h6 19. Nd6 Ba8 20. Nf5 Qe8 21. N3h4 Nf6 22. Rxd8 Qxd8 23. Rd1 Qe8 24. Nd6 Qe6 25. Nhf5 Kh8 26. Ba1 Nd5 27. Ba2 Nd8 28. Qf3 Nxb4 29. Bxe6 Bxf3 30. gxf3 fxe6 31. Nh4 Rf6 32. axb4 g5 33. Ne4 1-0


[Site "https://www.chess.com"]

[Event "Titled Tuesday Blitz February 14 Early 2023"]
[White "Rodriguez Fontecha, Marcos"]
[Black "Prado Lobo, Jonas"]
[WhiteFideId "2256576"]
[BlackFideId "32050666"]
[WhiteElo "2309"]
[BlackElo "2313"]
[Result "1/2-1/2"]
[Round "03"]
[TimeControl "180+2"]
[Date "2023.02.15"]
[WhiteClock "0:00:01"]
[BlackClock "0:00:07"]

1. Nf3 Nf6 2. g4 g6 3. g5 Nd5 4. e4 Nb6 5. a4 a5 6. h4 d6 7. h5 Bg7 8. h6 Bf8 9. b3 Bg4 10. Bb2 e5 11. Rg1 Bh5 12. Be2 Be7 13. d4 Bxf3 14. Bxf3 Nc6 15. d5 Nb8 16. Qd2 O-O 17. Nc3 Na6 18. Rd1 Nc5 19. Nb5 f5 20. gxf6 Bxf6 21. Qe3 Bh4 22. Rg4 Qf6 23. Ke2 Rf7 24. Rh1 Qxf3+ 25. Qxf3 Rxf3 26. Kxf3 Rf8+ 27. Ke2 Rxf2+ 28. Kd1 Bd8 29. Ba3 Ncd7 30. Rhg1 Nf6 31. R4g2 Rf4 32. Nc3 Nxe4 33. Nxe4 Rxe4 34. c4 Rf4 35. Ke2 Nd7 36. Rf1 g5 37. Bc1 Re4+ 38. Kf3 Rd4 39. Bxg5 Bxg5 40. Rxg5+ Kf7 41. Ke3+ Ke7 42. Rg7+ Ke8 43. Rxh7 Rh4 44. Rff7 Rh3+ 45. Kd2 Nc5 46. Re7+ Kd8 47. Rhg7 Rxh6 48. Rxc7 Rh2+ 49. Ke3 Rh3+ 50. Ke2 Rxb3 51. Rcf7 Rb2+ 52. Kf3 Ke8 53. Re7+ Kf8 54. Rgf7+ Kg8 55. Rc7 e4+ 56. Ke3 Rb3+ 57. Ke2 Rb2+ 58. Kf1 Rb1+ 59. Kg2 Rb2+ 60. Kg3 Rb3+ 61. Kg4 e3 62. Rfe7 Kf8 63. Rf7+ Ke8 64. Rce7+ Kd8 65. Kf5 e2 66. Rxe2 Rf3+ 67. Kg6 Rxf7 68. Kxf7 Nxa4 69. Ke6 Kc7 70. Ra2 Nc5+ 71. Kf5 a4 72. Kf4 Kb6 73. Ke3 Ka5 74. Rb2 Nb3 75. c5 Nxc5 76. Kd4 b5 77. Kc3 Nb3 78. Rh2 b4+ 79. Kb2 Nc5 80. Ka2 b3+ 81. Ka3 Kb5 82. Rh4 Ka5 83. Rb4 Ka6 84. Rb8 Ka7 85. Rd8 Nb7 86. Rd7 Kb6 87. Rg7 Nc5 88. Re7 Kb5 89. Re3 Kc4 90. Rh3 Kxd5 91. Rc3 Kd4 92. Rh3 d5 93. Rh4+ Kc3 94. Rh3+ Kc4 95. Rh4+ d4 96. Rh1 d3 97. Rc1+ Kd4 98. Rh1 d2 99. Rd1 Kc3 100. Rh1 Kc2 101. Rh2 Kc1 102. Rh1+ d1=Q 103. Re1 Qxe1 1/2-1/2


[Site "https://www.chess.com"]

[Event "Titled Tuesday Blitz February 14 Early 2023"]
[White "Jovic, Stanoje"]
[Black "Manelyuk, Daniil"]
[WhiteFideId "905020"]
[BlackFideId "44173920"]
[WhiteElo "2075"]
[BlackElo "2302"]
[Result "0-1"]
[Round "03"]
[TimeControl "180+2"]
[Date "2023.02.15"]
[WhiteClock "0:00:12"]
[BlackClock "0:00:18"]

1. c4 c5 2. g3 Nc6 3. Bg2 g6 4. Nc3 Bg7 5. Nf3 e5 6. O-O Nge7 7. Ne1 d6 8. Nc2 O-O 9. Ne3 Be6 10. Ned5 f5 11. d3 Qd7 12. a3 a5 13. Rb1 Bxd5 14. Nxd5 Nxd5 15. Bxd5+ Kh8 16. e3 Ne7 17. Bg2 a4 18. b4 axb3 19. Qxb3 Rfb8 20. Qb6 Nc8 21. Qb5 Qc7 22. Bb2 Na7 23. Qb3 Nc6 24. h4 Ra6 25. Bf3 Rb6 26. Qc2 Ra8 27. h5 g5 28. h6 Bxh6 29. Kg2 g4 30. Bd5 Ne7 31. Be6 Rf8 32. Rh1 Rf6 33. Bd5 Nxd5 34. cxd5 Qf7 35. Qc4 Kg8 36. Rh2 f4 37. gxf4 Bxf4 38. exf4 Rxf4 39. Qc2 Qxd5+ 40. Kg1 Qf3 41. d4 Qe4 42. Qxe4 Rxe4 43. dxc5 dxc5 44. Kf1 h6 45. Rh5 Kf7 46. Rxe5 Rxe5 47. Kg2 Re2 0-1


[Site "https://www.chess.com"]

[Event "Titled Tuesday Blitz February 14 Early 2023"]
[White "Andrews, Todd"]
[Black "Sourath Biswas"]
[WhiteFideId "2012456"]
[BlackFideId "35091484"]
[WhiteElo "2220"]
[BlackElo "2281"]
[Result "1-0"]
[Round "03"]
[TimeControl "180+2"]
[Date "2023.02.15"]
[WhiteClock "0:00:10"]
[BlackClock "0:00:07"]

1. e4 c6 2. d4 d5 3. Nd2 dxe4 4. Nxe4 Nf6 5. Nxf6+ exf6 6. c3 Bd6 7. Bd3 O-O 8. Qc2 Re8+ 9. Ne2 h5 10. Be3 Nd7 11. O-O-O Nf8 12. Kb1 Be6 13. c4 b5 14. d5 cxd5 15. cxd5 Bd7 16. Nd4 Rc8 17. Qb3 Re5 18. Bf4 Qb6 19. Bxe5 Bxe5 20. Nf3 Bd6 21. Rd2 a5 22. Bc2 a4 23. Qd3 g6 24. Nd4 a3 25. b3 b4 26. Re1 Bf4 27. Rdd1 Be5 28. h3 Qc5 29. Re2 Kg7 30. f3 Nh7 31. g4 hxg4 32. hxg4 Ng5 33. Red2 Nh3 34. Rh1 Nf4 35. Qe3 Bxd4 36. Qxf4 Be3 37. Qh2 Bxd2 38. Qxd2 Qc3 39. Qh6+ 1-0


[Site "https://www.chess.com"]